AoeStats
← sebase76

Arena

510345344Analyzed
1v1 RM · 18h ago on Sep 30, 2026· 59m 25s· 2 players
Game mode
Random Map
Map size
Tiny (2 player)
Population
200
Speed
Normal
Resources
Standard
Victory
Conquest
Starting age
Dark Age
Ending age
Imperial Age
RankedLock teamsTeams togetherTeam positionsShared explorationLock speedFull tech treeHidden civsTurbo modeCheats
Victory
Defeat
🇺🇸 Franks · United States
479
+16
🇪🇨 Goths · Ecuador
483
-16
SolitaryPilgrim
9:30 Feudal Age
10:03 Double-Bit Axe
10:55 Wheelbarrow
19:20 Castle Age
17:42 Gold Mining
18:07 Stone Mining
20:13 Bow Saw
22:56 Hand Cart
26:02 Gold Shaft Mining
30:39 Imperial Age
28:31 Squires
27:51 Pikeman
27:54 Elite Skirmisher
28:50 Loom
28:51 Town Watch
30:34 Husbandry
30:29 Arson
32:17 Hoardings
32:48 Town Patrol
34:42 Murder Holes
35:10 Ballistics
35:00 Masonry
34:32 Treadmill Crane
37:10 Elite Throwing Axeman
40:04 Chemistry
39:35 Architecture
41:49 Chivalry
42:00 Scale Barding Armor
41:56 Scale Mail Armor
42:06 Forging
41:47 Fletching
41:57 Padded Archer Armor
41:46 Arrowslits
42:49 Halberdier
42:54 Cavalier
44:47 Paladin
47:32 Siege Engineers
47:45 Leather Archer Armor
47:25 Bodkin Arrow
49:47 Chain Barding Armor
49:43 Chain Mail Armor
50:03 Iron Casting
50:25 Fortified Wall
sebase76
1:21 Loom
10:54 Feudal Age
12:56 Double-Bit Axe
23:46 Castle Age
22:10 Horse Collar
22:44 Stone Mining
24:20 Forging
25:47 Wheelbarrow
25:14 Heavy Plow
25:35 Bow Saw
26:13 Town Watch
26:33 Scale Mail Armor
25:56 Pikeman
34:25 Gold Mining
35:46 Hand Cart
40:28 Imperial Age
38:18 Scale Barding Armor
38:28 Squires
39:03 Ballistics
41:19 Anarchy
40:50 Elite Skirmisher
40:56 Elite Huskarl
43:46 Chemistry
43:03 Halberdier
48:31 Two-Man Saw
48:36 Perfusion
50:00 Iron Casting
52:06 Blast Furnace
51:06 Padded Archer Armor
53:24 Chain Mail Armor
52:50 Light Cavalry
53:31 Husbandry
54:31 Chain Barding Armor
54:27 Leather Archer Armor
55:09 Heavy Scorpion
57:11 Bloodlines
Connection lost

Rejoining the realm…

Still unreachable

The connection could not be restored.

Session expired

The server has moved on; the page needs a fresh start.